Map: Goldenaura LE

Players

Skrumpf

  • Race: Terran Terran
  • League: Diamond
  • Spawn Location: 12:00

SubN - Winner!

  • Race: Zerg Zerg
  • League: Diamond
  • Spawn Location: 5:00

VOD

Have the link to the VOD?

Description

Time

  • Played on: Nov. 22, 2023, 7:44 p.m.
  • Length: 13:20
Show
View Real Time Build Order
Export as new Build Order

Skrumpf Terran 

Build Orders:  

Get SALT Encoding   

  12  0:08  SCV  
  13  0:15  Supply Depot  
  13  0:21  SCV  
  14  0:33  SCV  
  15  0:38  Barracks  
  15  0:42  Refinery  
  15  0:50  SCV  
  16  1:02  SCV  
  17  1:14  SCV  
  18  1:32  Supply Depot  
  18  1:34  Orbital Command  
  18  1:37  Barracks Reactor  
  18  1:58  Command Center  
  18  2:01  SCV  
  19  2:13  SCV  
  20  2:18  Marine x2  
  22  2:25  SCV  
  23  2:37  Marine x2  
  23  2:38  SCV  
  26  2:44  Barracks  
  26  2:50  SCV  
  27  2:59  Marine  
  27  3:00  Marine  
  27  3:02  SCV  
  30  3:09  Barracks  
  31  3:14  SCV  
  31  3:28  Marine x2  
  31  3:32  Bunker  
  31  3:33  SCV  
  35  3:35  Orbital Command  
  34  3:43  Barracks Tech Lab  
  34  3:45  SCV  
  34  3:46  Supply Depot  
  35  3:51  Marine x2  
  37  3:56  Barracks Tech Lab  
  37  3:57  SCV  
  37  4:02  SCV  
  39  4:05  Marine  
  39  4:06  Stimpack  
  39  4:09  SCV  
  41  4:12  Supply Depot  
  41  4:13  Marine x2  
  41  4:14  Combat Shield, SCV  
  41  4:16  Marine  
  45  4:21  SCV  
  45  4:23  Marine  
  47  4:26  SCV  
  47  4:30  Marine  
  47  4:31  Supply Depot, Marine  
  50  4:33  SCV  
  50  4:35  Marine  
  52  4:39  SCV  
  52  4:43  Marine  
  54  4:45  SCV  
  54  4:51  SCV  
  54  4:52  Marine x2  
  58  4:56  Supply Depot  
  58  4:57  Marine  
  58  4:58  SCV  
  60  5:03  SCV  
  61  5:08  Marine  
  61  5:10  SCV  
  61  5:13  Command Center  
  63  5:15  Factory  
  63  5:20  SCV  
  63  5:21  Supply Depot  
  64  5:22  SCV  
  64  5:27  Engineering Bay x2  
  65  5:32  SCV  
  65  5:34  Refinery, SCV  
  67  5:45  Marine x2, SCV  
  67  5:46  Marine x2, SCV  
  67  5:47  Concussive Shells  
  73  5:57  SCV  
  74  5:58  SCV  
  75  6:08  Marine  
  75  6:09  Marine x3  
  79  6:17  SCV x2  
  81  6:19  Factory Tech Lab  
  81  6:23  Starport  
  81  6:24  Terran Infantry Armor Level 1, Terran Infantry Weapons Level 1  
  81  6:26  Marine x2  
  81  6:27  Armory  
  81  6:29  SCV  
  81  6:30  Refinery x2  
  84  6:36  Marine  
  84  6:37  Marine  
  86  6:41  SCV x2  
  88  6:53  SCV  
  89  6:54  SCV  
  89  6:55  SCV  
  91  7:13  Orbital Command  
  91  7:14  Marine x4  
  91  7:15  Starport Reactor, Siege Tank  
  98  7:17  SCV x2  
  100  7:24  Barracks  
  100  7:26  Barracks  
  100  7:29  Supply Depot, Barracks x2, SCV  
  101  7:30  Supply Depot  
  101  7:31  Marine  
  101  7:33  Supply Depot, Marine x3  
  108  7:52  Medivac x2  
  108  7:53  Marine x4  
  115  8:10  Marine x2  
  115  8:11  Marine x2  
  116  8:28  Marine  
  117  8:39  Refinery  
  117  8:40  Marine  
  120  8:42  Medivac x2  
  120  8:43  Siege Tank  
  120  8:47  Marine x3  
  132  8:50  Barracks Reactor  
  132  8:51  Barracks Reactor x2  
  132  8:52  Barracks Reactor  
  127  8:58  Marine  
  90  9:04  Marine  
  90  9:05  Marine x2  
  90  9:08  Orbital Command  
  58  9:32  Marine x3  
  58  9:33  Marine x9  
  58  9:34  Siege Tank  
  58  9:35  Medivac x2  
  77  9:42  Orbital Command  
  76  9:50  Marine x4  
  76  9:51  Marine  
  81  9:56  Barracks, Factory  
  81  9:58  Barracks  
  81  10:02  SCV x2  
  81  10:06  Siege Tank  
  86  10:14  SCV x2  
  86  10:16  SCV  
  86  10:20  Marine x2  
  92  10:24  Marauder x2, Marine x3  
  92  10:25  Marine x4  
  92  10:26  SCV x2  
  92  10:27  Liberator  
  107  10:37  Supply Depot  
  107  10:38  Supply Depot  
  107  10:39  Supply Depot  
  107  10:41  Terran Infantry Weapons Level 2  
  107  10:45  Marauder  
  109  10:55  Command Center  
  109  10:59  Marine x6, Liberator  
  109  11:00  Siege Tank  
  121  11:09  SCV x3  
  124  11:21  SCV x2  
  126  11:26  Marine x2, Liberator  
  126  11:27  Marine x2  
  126  11:28  Marine  
  133  11:46  Marine x5, Siege Tank  
  141  11:49  Supply Depot  
  141  11:50  Supply Depot x2  
  141  11:52  Refinery  
  140  11:58  SCV x2  
  140  11:59  SCV  
  143  12:10  SCV x2  
  143  12:11  SCV  
  146  12:15  Marine x2  
  146  12:16  Marine x3  
  146  12:17  Marauder x2  
  156  12:22  SCV  
  122  12:37  Marine x7  
  76  12:38  Marauder, Marine x4  
  71  12:54  Marine x2  
  71  12:55  Marine x8  
  71  12:56  Marine  
  77  12:59  Marine  
Show
View Real Time Build Order
Export as new Build Order

SubN Zerg - Winner!

Build Orders: Pool First 

Get SALT Encoding   

  12  0:00  Drone  
  13  0:07  Drone  
  13  0:13  Extractor  
  13  0:29  Spawning Pool  
  12  0:57  Hatchery  
  11  1:16  Queen  
  13  1:24  Overlord  
  13  1:33  Drone  
  14  1:46  Drone x2  
  16  2:08  Hatchery  
  16  2:15  Drone  
  16  2:16  Drone  
  16  2:21  Drone  
  18  2:24  Drone  
  19  2:35  Zergling x4  
  19  2:36  Zergling x2  
  22  2:42  Drone  
  22  2:43  Drone  
  24  2:51  Overlord  
  24  2:59  Overlord  
  24  3:02  Drone x2  
  24  3:04  Drone  
  27  3:13  Drone x2  
  27  3:14  Drone  
  30  3:21  Queen  
  32  3:29  Queen  
  34  3:34  Metabolic Boost  
  34  3:38  Drone  
  34  3:40  Drone  
  36  3:42  Drone  
  36  3:44  Drone  
  36  3:46  Drone  
  39  3:48  Drone  
  39  3:53  Overlord  
  40  3:58  Overlord  
  40  4:01  Overlord  
  40  4:05  Overlord  
  40  4:10  Queen  
  40  4:15  Queen  
  44  4:18  Drone  
  44  4:19  Drone  
  44  4:21  Drone  
  44  4:22  Drone  
  48  4:24  Drone  
  48  4:26  Drone  
  48  4:28  Drone  
  51  4:34  Drone x3  
  51  4:35  Drone  
  55  4:39  Extractor  
  55  4:44  Extractor  
  53  4:48  Extractor  
  52  5:04  Drone x11  
  52  5:05  Drone, Evolution Chamber, Spore Crawler  
  52  5:06  Evolution Chamber  
  61  5:28  Lair  
  61  5:37  Zergling x2  
  61  5:38  Zergling x18  
  71  5:45  Baneling Nest  
  71  5:47  Zergling x8  
  74  5:50  Zerg Melee Weapons Level 1  
  74  5:58  Overlord x4  
  70  6:15  Zergling x8  
  74  6:24  Spine Crawler  
  73  6:28  Queen  
  73  6:30  Zergling x2  
  73  6:31  Zergling x24  
  88  6:34  Baneling  
  88  6:35  Baneling x16  
  88  6:43  Queen  
  88  6:44  Queen  
  92  6:49  Overlord  
  92  6:50  Overlord  
  92  7:04  Queen  
  92  7:08  Drone  
  95  7:10  Hydralisk Den  
  94  7:18  Drone x13  
  107  7:24  Extractor  
  107  7:26  Extractor  
  105  7:30  Centrifugal Hooks  
  105  7:31  Zerg Ground Armor Level 1  
  105  7:36  Hatchery  
  104  7:39  Overlord x2  
  104  7:43  Drone x3  
  107  7:44  Drone x2, Zerg Missile Weapons Level 1  
  107  7:45  Drone  
  110  8:12  Baneling  
  108  8:13  Baneling x14  
  108  8:20  Muscular Augments  
  108  8:24  Drone x4  
  108  8:25  Zergling x2  
  108  8:26  Zergling x2  
  114  8:29  Zergling x2  
  114  8:30  Zergling x24  
  89  9:31  Hydralisk x5  
  89  9:32  Hydralisk x14  
  89  9:37  Queen  
  129  9:49  Zerg Melee Weapons Level 2  
  129  9:51  Zerg Missile Weapons Level 2  
  129  9:54  Zergling x2  
  129  9:55  Zergling x20  
  129  9:59  Extractor  
  139  10:01  Extractor  
  138  10:07  Drone x3  
  138  10:08  Overlord  
  138  10:09  Overlord x3  
  138  10:10  Overseer  
  138  10:13  Hatchery  
  140  10:25  Hydralisk x2  
  144  10:31  Baneling x11  
  144  10:32  Baneling x5  
  144  10:33  Zergling x20  
  154  10:36  Queen  
  154  10:39  Hatchery  
  155  10:48  Drone x4  
  155  10:49  Drone x5  
  164  11:05  Drone x2  
  164  11:06  Drone x2  
  164  11:09  Overlord x5  
  168  11:13  Overlord  
  168  11:14  Overlord  
  168  11:15  Overlord  
  168  11:17  Overlord  
  168  11:26  Grooved Spines  
  168  11:32  Zergling x2  
  169  11:33  Zergling x24  
  169  11:35  Infestation Pit  
  169  11:39  Baneling x9  
  180  11:40  Baneling x10  
  180  11:55  Pneumatized Carapace  
  180  11:56  Queen  
  182  12:03  Overlord  
  182  12:05  Hydralisk x7  
  182  12:06  Hydralisk  
  182  12:08  Zergling x4  
  163  12:40  Zergling x14  
  167  12:50  Zergling x26  
  167  12:51  Zergling x22  
Tags
 
Add a new tag
Caveats
  • Supply blocks, unpowered buildings, or Contaminate may cause inaccurate times.
  • Supply counts are checked every 10 seconds.